 Dungeon Crawl Stone Soup version 0.30.0 (webtiles) character file.

Game seed: 6414271872169488359

58 PewPew the Trooper (level 3, 0/34 HPs)
             Began as a Minotaur Berserker on Oct 9, 2023.
             Was a Follower of Trog.
             Slain by an orc wizard
             ... wielding a +0 dagger
              (4 damage)
             ... on level 4 of the Dungeon.
             The game lasted 00:06:32 (268 turns).

PewPew the Trooper (Minotaur Berserker)              Turns: 268, Time: 00:06:33

Health: 0/34       AC:  2    Str: 23    XL:     3   Next: 75%
Magic:  2/2        EV: 12    Int:  4    God:    Trog [*.....]
Gold:   41         SH:  0    Dex:  9    Spells: 2/2 levels left

rFire   . . .        a - +0 mace
rCold   . . .        (no shield)
rNeg    . . .        b - +0 animal skin
rPois   .            (helmet restricted)
rElec   .            (no cloak)
rCorr   .            (no gloves)
SInv    .            (no boots)
Will    .....        (no amulet)
Stlth   +            (no ring)
HPRegen 0.25/turn    (no ring)
MPRegen 0.08/turn

%: no passive effects
@: confused, weak-willed
A: horns 2, retaliatory headbutt
a: Renounce Religion, Berserk


You were on level 4 of the Dungeon.
You worshipped Trog.
Trog was aware of your devotion.
You visited 1 branch of the dungeon, and saw 4 of its levels.

You collected 41 gold pieces.

Inventory:

Hand Weapons
 a - a +0 mace (weapon)
 g - a +0 short sword
Armour
 b - a +0 animal skin (worn)
 c - a +0 robe
Magical Staves
 e - a staff of poison
Scrolls
 f - 2 scrolls of vulnerability
Potions
 d - a potion of curing {unknown}


   Skills:
 + Level 4.7 Fighting
 + Level 4.4 Maces & Flails
 + Level 2.7 Armour
 + Level 2.5 Dodging


You had 2 spell levels left.
You didn't know any spells.
Your spell library was empty.

Dungeon Overview and Level Annotations

Branches:
Dungeon (3/15)

Altars:
Hepliaklqana
Makhleb


Innate Abilities, Weirdness & Mutations

You have a pair of horns on your head.
You reflexively headbutt those who attack you in melee.


Message History

You feel stronger. x2
You are too confused!
An orc priest comes into view. It is wielding a +0 trident.
The orc priest shouts!
The orc priest hits you from afar with a +0 trident!
You bump into the rock wall.
The orc priest looks satisfied for a moment.
You bump into the rock wall.
The orc priest closely misses you.
You're too confused to move!
The orc priest hits you from afar with a +0 trident!
You feel less confused.
The orc priest miscasts a cantrip.
Items here: )) [ †.
You hit the orc priest.
The orc priest is moderately wounded.
The orc priest closely misses you.
You hit the orc priest.
The orc priest is heavily wounded.
You hear some strange, mumbled words.
You are confused.
The orc priest looks braver for a moment.
You hit the orc priest. You punch the orc priest.
You kill the orc priest!
Trog accepts your kill.
A bullfrog comes into view.
Something hits you. The bullfrog completely misses you.
Something hits you but does no damage.
You bump into the rock wall.
Something hits you.
You are too confused!
You are too confused!
You are too confused!
You bump into the rock wall.
Something barely misses you.
You hear some strange, mumbled words.
A puff of flame appears from out of thin air!
The puff of flame hits you!
* * * LOW HITPOINT WARNING * * *
You hear some strange, mumbled words.
You are more confused.
You bump into the rock wall.
Something hits you.
You die...

.#.#.#.#.#..#########
#.#.#.#.#.#..........
.#.#.#.#.#...........
#.#.#.#.#.#..........
#.#.#.#.#'..........
#.#.#.#.#..........
#.#)#F#+..........
#.#{#.#..........
#.#@#...........
#$#.#.#.........
#.#.#.#..........
#.#.#.#.##########
#.#.#.# #.# #.#.#.#
## .#.#.# #.#.# .#.#


There were no monsters in sight!

Vanquished Creatures
  An orc priest (D:4)
  An adder (D:2)
  A worm (D:2)
  2 orcs (D:4)
  An endoplasm (D:3)
  A giant cockroach (D:3)
  2 hobgoblins (D:2)
  A kobold (D:4)
  A quokka (D:1)
  2 bats
  A rat (D:1)
14 creatures vanquished.

Notes
Turn   | Place    | Note
-------+----------+-------------------------------------------
     0 | D:1      | PewPew the Minotaur Berserker began the quest for the Orb.
     0 | D:1      | Reached XP level 1. HP: 19/19 MP: 0/0
   105 | D:2      | Reached XP level 2. HP: 21/27 MP: 1/1
   167 | D:3      | Found a burning altar of Makhleb.
   185 | D:3      | Found a hazy altar of Hepliaklqana.
   231 | D:3      | You fall into a shaft and drop 1 floor!
   254 | D:4      | Reached XP level 3. HP: 33/34 MP: 2/2
   262 | D:4      | Noticed a bullfrog
   268 | D:4      | Slain by an orc wizard

Illustrated notes

Levels and vault maps discovered:
D:1:      heliophobic_arrival_henge, layout_basic, serial_shops, shop,
          minmay_crystal_room, minmay_octomino_c4
D:2:      minmay_spotlight, layout_basic
D:3:      layout_basic, marbit_many_paths, general_overflow_altar,
          mainiacjoe_overflow_cross_hatched, hangedman_decor_peaks_small,
          minmay_misc_feat_enclosed
D:4:      corexii_shack_village, layout_basic,
          mainiacjoe_overflow_surrounded_room

Skill      XL: |  1  2 |
---------------+-------+-----
Fighting       | 4 |  4.7
Maces & Flails | 4 |  4.4
Armour         | |  2.7
Dodging        | |  2.5

Action                     || total
---------------------------++-------
  Melee: Mace              ||    34
         Headbutt          ||     4
         Punch             ||     1
    Use: Scroll            ||     2
 Armour: Animal skin       ||     4
  Dodge: Dodged            ||    33
